 Dungeon Crawl Stone Soup version 0.26-a0-648-g87339cca5e (webtiles) character file.

Game seed: 15850854444368813669

17 DogServant the Caller (level 2, -3/16 HPs)
             Began as a Tengu Summoner on Sept 25, 2020.
             Slain by a hobgoblin (4 damage)
             ... on level 1 of the Dungeon.
             The game lasted 00:04:21 (1773 turns).

DogServant the Caller (Tengu Summoner)              Turns: 1773, Time: 00:04:22

Health: -3/16      AC:  2    Str:  6 (8)  XL:     2   Next: 62%
Magic:  6/6        EV: 12    Int: 12 (15) God:
Gold:   81         SH:  0    Dex: 11 (14) Spells: 2/5 levels left

rFire    . . .     SeeInvis .     - Unarmed
rCold    . . .     Faith    .   (no shield)
rNeg     . . .     Spirit   .   a - +0 robe
rPois    .         Reflect  .   (helmet restricted)
rElec    .         Harm     .   (no cloak)
rCorr    .         Rampage  .   (no gloves)
MR       .....                  (boots unavailable)
Stlth    ++........             (no amulet)
HPRegen  0.05/turn              (no ring)
MPRegen  0.10/turn              (no ring)

@: no status effects
A: beak, talons 3
a: no special abilities


You were on level 1 of the Dungeon.
You visited 1 branch of the dungeon, and saw 1 of its levels.

You collected 81 gold pieces.

Inventory:

Hand Weapons
 h - a +1 dagger of holy wrath
Missiles
 e - 18 poisoned darts (quivered)
Armour
 a - a +0 robe (worn)
 g - a +0 ring mail
Scrolls
 c - a scroll of random uselessness {unknown}
Potions
 f - a potion of degeneration


   Skills:
 + Level 0.4 Fighting
 + Level 2.4 Dodging
 - Level 2.0 Stealth
 + Level 1.4 Unarmed Combat
 - Level 2.0 Spellcasting
 - Level 5.1 Summonings


You had 2 spell levels left.
You knew the following spells:

 Your Spells              Type           Power        Failure   Level
a - Summon Small Mammal   Summ           ##..         3%          1
b - Call Imp              Summ           ##......     4%          2

Your spell library contained the following spells:

 Spells                   Type           Power        Failure   Level
 Call Canine Familiar     Summ           ##......     10%         3
 Summon Guardian Golem    Hex/Summ       #.......     28%         3
 Summon Ice Beast         Ice/Summ       #.......     67%         4
 Summon Lightning Spire   Summ/Air       #.......     67%         4


Dungeon Overview and Level Annotations

Branches:
Dungeon (1/15)

Altars:


Innate Abilities, Weirdness & Mutations

You have a beak for a mouth.
You have claws for feet.


Message History

Your bat closely misses the rat.
Your bat hits the rat. The hobgoblin misses you.
Okay, then.
Okay, then.
Okay, then.
Throwing (i - inventory. (/) - cycle)
d - a throwing net (quivered)
Press: ? - help, Shift-Dir - straight line, f - hobgoblin
Aim: a hobgoblin (moderately wounded)
You throw a throwing net.
The throwing net closely misses the hobgoblin.
Your bat hits the rat.
The rat dies!
The hobgoblin hits you.
* * * LOW HITPOINT WARNING * * *
Okay, then.
Your bat hits the hobgoblin but does no damage.
Your bat hits the hobgoblin but does no damage.
Your bat barely misses the hobgoblin.
The hobgoblin hits you.
You die...

(..........)......'...'..#
....#.#############...##+##
..(.#.### #####.....# ..(.#...#
#.........#
....#...#########.........#######
.####...'.......+.........').....
.##.....#########.........####...
###.....# #.gb........###...
#.....##### #@....(#....'.'...
#.........# #......#....###...
#.........# #......#....###...
#.........# ######............
#####.....# #.....).....# #.....#
#............ #.....##
#....##...... #......#
#....#####... ######.## ######
#.##


You could see a hobgoblin and a friendly bat (summoned).

Vanquished Creatures
  A dart slug (D:1)
  A bat (D:1)
  A giant cockroach (D:1)
  2 goblins (D:1)
  A hobgoblin (D:1)
  2 kobolds (D:1)
  2 rats (D:1)
10 creatures vanquished.

Vanquished Creatures (collateral kills)
  4 hobgoblins (D:1)
  2 kobolds (D:1)
  A rat (D:1)
7 creatures vanquished.

Grand Total: 17 creatures vanquished

Notes
Turn   | Place    | Note
-------+----------+-------------------------------------------
     0 | D:1      | DogServant the Tengu Summoner began the quest for the Orb.
     0 | D:1      | Reached XP level 1. HP: 10/10 MP: 4/4
   334 | D:1      | Reached skill level 5 in Summonings
  1016 | D:1      | Reached skill level 1 in Unarmed Combat
  1016 | D:1      | Reached XP level 2. HP: 12/15 MP: 4/6
  1249 | D:1      | Learned a level 2 spell: Call Imp
  1773 | D:1      | Slain by a hobgoblin

Illustrated notes

Levels and vault maps discovered:
D:1:      evilmike_arrival_plus, layout_basic

Skill      XL: |  1 |
---------------+----+-----
Summonings     | 5 |  5.1
Unarmed Combat | 1 |  1.4
Fighting       | |  0.4
Dodging        | |  2.4
Stealth        | |  2.0
Spellcasting   | |  2.0

Action                   || total
-------------------------++-------
Melee: Unarmed           ||    56
       Kick              ||     5
       Peck              ||     5
Throw: Throwing net      ||     1
 Cast: Summon Small Mamm ||    15
  Use: Scroll            ||     1
       Potion            ||     1
 Stab: Sleeping          ||     2
Armor: Robe              ||    19
Dodge: Dodged            ||    40

Table legend: (Time is in decaauts)
 A = Elapsed time spent in this place.
 B = Non-inter-level travel time spent in this place.
 C = Inter-level travel time spent in this place.
 D = Time resting spent in this place.
 E = Time spent auto-exploring this place.
 F = Levels seen in this place.
 G = Mean time per level.
                   A        B        C        D        E       F      G
               +--------+--------+--------+--------+--------+-----+--------+
         Total |   1771 |   1754 |     17 |   1105 |    394 |   1 | 1771.0 |
       Dungeon |   1771 |   1754 |     17 |   1105 |    394 |   1 | 1771.0 |
               +--------+--------+--------+--------+--------+-----+--------+

Top non-repeatable levels by time:
     D:1: 1771 daAuts
